 Dungeon Crawl Stone Soup version 0.23-a0-270-gab6feb3dfb (webtiles) character file.

32750 Ablot the Thaumaturge (level 13, -13/101 HPs)
             Began as a Gnoll Skald on Oct 1, 2018.
             Was the Champion of Okawaru.
             Shot with an arrow by an archer statue (26 damage)
             ... on level 13 of the Dungeon.
             The game lasted 01:00:42 (14987 turns).

Ablot the Thaumaturge (Gnoll Skald)                Turns: 14987, Time: 01:00:43

Health: -13/101    AC: 17    Str: 16    XL:     13   Next: 66%
Magic:  12/35      EV: 20    Int: 17    God:    Okawaru [******]
Gold:   1125       SH:  8    Dex: 19    Spells: 3/31 levels left

rFire    + . .     SeeInvis +   a - +3 trident (venom)
rCold    + + .     Gourm    .   x - +0 buckler
rNeg     . . .     Faith    .   Q - +1 scale mail of Okawaru's Envy {rCorr SInv}
rPois    +         Spirit   .   f - +0 helmet
rElec    .         Reflect  .   G - scarf {rC+ rF+}
rCorr    +         Harm     .   X - +2 pair of gloves {Dex+3}
MR       .....                  K - +0 pair of boots
Stlth    ++++......             j - amulet of magic regeneration
HPRegen  0.26/turn              R - ring of wizardry (curse)
MPRegen  0.49/turn              O - ring of Knowledge {*Slow rPois rC+ MP+9}

@: heroism, shrouded, infused
A: distributed training, fangs 1, mutation resistance 1, strong nose
a: Heroism, Finesse, Renounce Religion


You were on level 13 of the Dungeon.
You worshipped Okawaru.
Okawaru was exalted by your worship.
You were very hungry.

You visited 2 branches of the dungeon, and saw 14 of its levels.
You also visited: Labyrinth.

You collected 1125 gold pieces.

Inventory:

Hand Weapons
 a - a +3 trident of venom (weapon)
 q - a +2 hunting sling of flaming
 s - a +2 flail of holy wrath
Missiles
 A - 15 javelins
 D - 349 arrows
 F - 237 bolts
 N - 137 sling bullets
 P - 6 curare-tipped needles
 U - 411 stones (quivered)
Armour
 f - a +0 helmet (worn)
 x - a +0 buckler (worn)
 G - a scarf of resistance (worn)
 K - a +0 pair of boots (worn)
 L - a scarf of cloud immunity
 Q - the +1 scale mail of Okawaru's Envy (worn) {rCorr SInv}
   (Okawaru gifted it to you on level 13 of the Dungeon)

   It lets you see invisible.
   It provides partial protection from all sources of acid and corrosion.
 X - a +2 pair of gloves of dexterity (worn)
Jewellery
 i - an uncursed ring of ice
 j - an amulet of magic regeneration (around neck)
 n - a +2 ring of evasion
 H - a +5 ring of protection
 O - the ring of Knowledge (right hand) {*Slow rPois rC+ MP+9}
   (You found it on level 8 of the Dungeon)

   [ring of poison resistance]

   It protects you from cold.
   It protects you from poison.
   It affects your magic capacity (+9).
   It may slow you when you take damage.
 R - a cursed ring of wizardry (left hand)
Wands
 b - a wand of acid (5)
 w - a wand of polymorph (9)
 M - a wand of digging (33)
 T - a wand of iceblast (9)
 W - a wand of flame (44)
Scrolls
 c - 2 scrolls of remove curse
 e - 5 scrolls of fear
 k - 8 scrolls of teleportation
 l - a scroll of blinking {unknown}
 p - 3 scrolls of magic mapping
 y - 3 scrolls of enchant armour
 B - 5 scrolls of enchant weapon
 I - a scroll of fog
 Y - 3 scrolls of amnesia
 Z - a scroll of immolation
Potions
 g - 2 potions of magic {unknown}
 h - a potion of ambrosia {unknown}
 m - a potion of might {unknown}
 o - 3 potions of mutation
 r - 2 potions of brilliance {unknown}
 t - a potion of lignification {unknown}
 u - 5 potions of cancellation
 v - 11 potions of curing
 z - 2 potions of resistance
 C - a potion of agility
 E - a potion of invisibility {unknown}
 J - 2 potions of flight
Miscellaneous
 V - a lamp of fire
Comestibles
 d - 22 rations


   Skills:
 + Level 9.5(14.5) Fighting
 + Level 8.3(13.3) Short Blades
 + Level 8.3(13.3) Long Blades
 + Level 8.3(13.3) Axes
 + Level 8.3(13.3) Maces & Flails
 + Level 9.5(14.5) Polearms
 + Level 8.3(13.3) Staves
 + Level 8.3(13.3) Slings
 + Level 8.3(13.3) Bows
 + Level 8.3(13.3) Crossbows
 + Level 8.3(13.3) Throwing
 + Level 8.8(13.8) Armour
 + Level 9.5(14.5) Dodging
 + Level 8.3(13.3) Stealth
 + Level 8.3(13.3) Shields
 + Level 8.3(13.3) Unarmed Combat
 + Level 9.7 Spellcasting
 + Level 6.9 Conjurations
 + Level 6.9 Hexes
 + Level 8.9 Charms
 + Level 6.9 Summonings
 + Level 6.9 Necromancy
 + Level 6.9 Translocations
 + Level 6.9 Transmutations
 + Level 6.9 Fire Magic
 + Level 6.9 Ice Magic
 + Level 6.9 Air Magic
 + Level 6.9 Earth Magic
 + Level 6.9 Poison Magic
 + Level 9.1 Invocations
 + Level 8.3 Evocations


You had 3 spell levels left.
You knew the following spells:

 Your Spells              Type           Power        Failure   Level  Hunger
a - Infusion              Chrm           ####         1%          1    None
b - Song of Slaying       Chrm           #####...     1%          2    None
c - Shroud of Golubria    Chrm/Tloc      #####.....   1%          2    None
d - Regeneration          Chrm/Necr      #####.....   1%          3    None
e - Spectral Weapon       Hex/Chrm       #####...     1%          3    None
f - Vampiric Draining     Necr           ####......   1%          3    None
g - Animate Dead          Necr           N/A          4%          4    ###....
h - Blink                 Tloc           N/A          1%          2    None
i - Summon Lightning Spi  Summ/Air       ####....     4%          4    ###....
j - Passage of Golubria   Tloc           N/A          4%          4    ###....

Your spell library contained the following spells:

 Spells                   Type           Power        Failure   Level  Hunger
 Animate Skeleton         Necr           N/A          1%          1    None
 Apportation              Tloc           ####..       1%          1    None
 Pain                     Necr           ####         1%          1    None
 Sandblast                Erth           ####..       1%          1    None
 Passwall                 Tmut/Erth      ####....     1%          2    None
 Gell's Gravitas          Tloc           ####......   1%          3    None
 Stone Arrow              Conj/Erth      ####..       1%          3    None
 Leda's Liquefaction      Hex/Erth       ####......   4%          4    ###....
 Petrify                  Tmut/Erth      ####....     4%          4    ###....
 Aura of Abjuration       Summ           ####......   14%         5    #####..
 Bolt of Magma            Conj/Fire/Erth ####......   14%         5    #####..
 Summon Demon             Summ           ####......   14%         5    #####..
 Iron Shot                Conj/Erth      ####......   56%         6    ######.
 Statue Form              Tmut/Erth      ####.....    56%         6    ######.
 Dragon's Call            Summ           ####......   100%        9    #######
 Shatter                  Erth           ####......   100%        9    #######


Dungeon Overview and Level Annotations

Branches:
Dungeon (13/15)            Temple (1/1) D:6            Lair (0/6) D:11
    Orc (0/2) D:11
 Vaults: D:13-14

Altars:
Ashenzari
Dithmenos
Elyvilon
Fedhas
Gozag
Hepliaklqana
Kikubaaqudgha
Makhleb
Nemelex Xobeh
Okawaru
Qazlal
Ru
Sif Muna
Trog
Uskayaw
Vehumet
Wu Jian
Xom
Yredelemnul
Zin
The Shining One

Annotations:
D:6 toxic clouds, weak undead
D:8 trap, need flight, blink
D:13 exclusion: statue


Innate Abilities, Weirdness & Mutations

Your experience applies equally to all skills.
You have very sharp teeth.
Your uncanny sense of smell can sniff out nearby items.
You are somewhat resistant to further mutation.


Message History

Your lightning spire disappears in a puff of smoke!
Your spectral weapon hits the archer statue from afar.
Unknown command.
Casting: Infusion (safe; 1% risk of failure)
Confirm with . or Enter, or press ? or * to list all spells.
Aiming: Summon Lightning Spire (safe; 4% risk of failure)
Press: ? - help, Dir - move target cursor, p - archer statue An electric hum fills the air.
The archer statue shoots an arrow.
The arrow hits you!!
* * * LOW HITPOINT WARNING * * *
Unknown command.
You feel much better.
The archer statue shoots an arrow.
The arrow hits you!
* * * LOW HITPOINT WARNING * * *
Unknown command.
Casting: Summon Lightning Spire (safe; 4% risk of failure)
Confirm with . or Enter, or press ? or * to list all spells.
Aiming: Passage of Golubria (safe; 4% risk of failure)
Press: ? - help, Dir - move target cursor The archer statue shoots an arrow.
The arrow hits you!!
You die...

#...........#'#########....#.<.
#...........#.........#....##''
#...........#.^.......#........
#.....................#....<...
#....†.......#'#...####........
#..........###.###.............
#..........#.P8P.#.............
#..........#)P(P8#.............
#..........#^P@P.#..........###
#..#######.###:###..........#
#..+.........###....#.......#
#..#................'.......#
#..#.......#..#.....#.......#
#..#########..#.....#.......###
#.............#######..........
#..............................
#..............................


You could see an archer statue, a friendly lightning spire and a friendly
spectral trident of venom.

Vanquished Creatures
  A minotaur (Lab)
  2 hydras
  4 two-headed ogres
  A death knight (D:12)
  A centaur warrior (D:13)
  10 death yaks (D:11)
  An unseen horror (D:13)
  4 skeletal warriors
  A statue (D:13)
  A deep elf mage (D:12)
  An ugly thing (D:11)
  2 cyclopes
  Joseph (D:8)
  2 gargoyles
  A guardian serpent (shapeshifter) (D:13)
  3 freezing wraiths
  A kobold demonologist (D:10)
  A merfolk (shapeshifter) (D:13)
  A meliai (shapeshifter) (D:10)
  3 trolls
  2 hornets
  3 hippogriffs
  Grinder (D:4)
  Sigmund (D:5)
  A shadow (D:11)
  A wraith (D:13)
  Eustachio (D:5)
  19 yaks
  2 wyverns
  4 hungry ghosts
  2 vampire mosquitoes (D:13)
  An acid dragon (D:12)
  4 orc warriors
  2 ice beasts (D:8)
  A hornet zombie (D:8)
  3 sky beasts
  2 black bears
  5 phantoms
  A necrophage (D:6)
  6 ogres
  11 centaurs
  7 bullfrogs
  4 big kobolds
  2 scorpions
  13 killer bees
  A troll skeleton (Lab)
  5 howler monkeys
  7 wights
  4 electric eels (D:10)
  A spriggan skeleton (Lab)
  3 crimson imps
  A bullfrog zombie (D:11)
  2 quasits
  5 hounds
  4 centaur skeletons
  2 jellies
  5 orc priests
  3 bullfrog skeletons
  9 orc wizards
  Crazy Yiuf (D:5)
  3 iguanas
  10 worker ants
  A killer bee zombie (D:10)
  3 ogre zombies (D:6)
  An ogre skeleton (Lab)
  A hound skeleton (D:10)
  A worker ant zombie (D:6)
  A gnoll zombie (D:6)
  A howler monkey skeleton (D:8)
  10 adders
  5 shadow imps
  2 oozes (D:2)
  2 adder zombies
  5 worms
  6 leopard geckos
  32 orcs
  A ball python (D:4)
  6 bats
  2 giant cockroaches
  4 hobgoblins
  9 jackals
  5 quokkas
  A ball python skeleton (D:4)
  7 frilled lizards
  A giant cockroach zombie (D:4)
  7 goblins
  21 kobolds
  A leopard gecko skeleton (D:6)
  2 quokka skeletons
  2 rats
  A bush (D:5)
348 creatures vanquished.

Vanquished Creatures (others)
  A big kobold (D:13)
  A plant (D:8)
  10 spectral weapons
12 creatures vanquished.

Grand Total: 360 creatures vanquished

Notes
Turn   | Place    | Note
-------+----------+-------------------------------------------
     0 | D:1      | Ablot the Gnoll Skald began the quest for the Orb.
     0 | D:1      | Reached XP level 1. HP: 20/20 MP: 6/6
   416 | D:1      | Reached XP level 2. HP: 26/26 MP: 7/7
   420 | D:1      | Learned a level 2 spell: Song of Slaying
   423 | D:1      | Learned a level 2 spell: Shroud of Golubria
   660 | D:2      | Reached XP level 3. HP: 31/31 MP: 0/9
   705 | D:2      | Reached skill level 5 in Spellcasting
   804 | D:2      | Reached skill level 1 in Invocations
   841 | D:2      | Found a radiant altar of Vehumet.
   843 | D:2      | Found a white marble altar of Elyvilon.
   978 | D:2      | Reached skill level 1 in Short Blades
   978 | D:2      | Reached skill level 1 in Long Blades
   978 | D:2      | Reached skill level 1 in Axes
   978 | D:2      | Reached skill level 1 in Maces & Flails
   978 | D:2      | Reached skill level 1 in Staves
   978 | D:2      | Reached skill level 1 in Slings
   978 | D:2      | Reached skill level 1 in Bows
   978 | D:2      | Reached skill level 1 in Crossbows
   978 | D:2      | Reached skill level 1 in Throwing
   978 | D:2      | Reached skill level 1 in Stealth
   978 | D:2      | Reached skill level 1 in Shields
   978 | D:2      | Reached skill level 1 in Unarmed Combat
   978 | D:2      | Reached skill level 1 in Evocations
   978 | D:2      | Reached XP level 4. HP: 32/38 MP: 6/11
  1138 | D:2      | Found a stormy altar of Qazlal.
  1145 | D:2      | Found an opulent altar of Gozag.
  1152 | D:2      | Found a bloodstained altar of Trog.
  1210 | D:3      | Learned a level 3 spell: Regeneration
  1214 | D:3      | Learned a level 3 spell: Spectral Weapon
  1684 | D:3      | Reached skill level 1 in Conjurations
  1684 | D:3      | Reached skill level 1 in Hexes
  1684 | D:3      | Reached skill level 1 in Summonings
  1684 | D:3      | Reached skill level 1 in Necromancy
  1684 | D:3      | Reached skill level 1 in Translocations
  1684 | D:3      | Reached skill level 1 in Transmutations
  1684 | D:3      | Reached skill level 1 in Fire Magic
  1684 | D:3      | Reached skill level 1 in Ice Magic
  1684 | D:3      | Reached skill level 1 in Air Magic
  1684 | D:3      | Reached skill level 1 in Earth Magic
  1684 | D:3      | Reached skill level 1 in Poison Magic
  1688 | D:3      | Reached XP level 5. HP: 35/43 MP: 5/12
  1732 | D:3      | Found an opulent altar of Gozag.
  2262 | D:4      | Noticed an ogre
  2269 | D:4      | Killed an ogre
  2269 | D:4      | Reached XP level 6. HP: 50/50 MP: 3/13
  2362 | D:4      | Reached skill level 5 in Fighting
  2362 | D:4      | Reached skill level 5 in Polearms
  2362 | D:4      | Reached skill level 5 in Dodging
  2663 | D:4      | Reached XP level 7. HP: 50/56 MP: 15/15
  2749 | D:4      | Noticed Grinder
  2756 | D:4      | Paralysed by Grinder for 3 turns
  2765 | D:4      | Killed Grinder
  2877 | D:4      | Found a sacrificial altar of Ru.
  2901 | D:5      | Entered Level 5 of the Dungeon
  2918 | D:5      | Noticed Sigmund
  3404 | D:5      | Found a runed door.
  3497 | D:5      | Noticed Eustachio
  3536 | D:5      | Killed Eustachio
  3541 | D:5      | Reached XP level 8. HP: 53/63 MP: 4/16
  3621 | D:5      | Killed Sigmund
  4231 | D:5      | Noticed Crazy Yiuf
  4234 | D:5      | Killed Crazy Yiuf
  4571 | D:6      | Found a transporter.
  4700 | D:6      | Found a transporter.
  4724 | D:6      | Reached XP level 9. HP: 57/69 MP: 9/18
  4775 | D:6      | Found a staircase to the Ecumenical Temple.
  4785 | Temple   | Entered the Ecumenical Temple
  4981 | Temple   | Became a worshipper of Warmaster Okawaru
  5189 | D:6      | You fall through a shaft for 3 floors!
  5201 | D:8      | Noticed a two-headed ogre
  5240 | D:8      | Noticed a hornet
  5284 | D:7      | HP: 5/103 [adder zombie (1)]
  5774 | D:7      | Reached skill level 5 in Armour
  5909 | D:7      | Reached * piety under Okawaru
  6172 | D:7      | Reached skill level 5 in Invocations
  6704 | D:8      | Learned a level 3 spell: Vampiric Draining
  6724 | D:8      | Noticed a two-headed ogre
  6779 | D:8      | Killed a two-headed ogre
  6779 | D:8      | Reached ** piety under Okawaru
  6779 | D:8      | Reached XP level 10. HP: 39/77 MP: 0/20
  6923 | D:8      | Reached skill level 5 in Short Blades
  6923 | D:8      | Reached skill level 5 in Long Blades
  6923 | D:8      | Reached skill level 5 in Axes
  6923 | D:8      | Reached skill level 5 in Maces & Flails
  6923 | D:8      | Reached skill level 5 in Staves
  6923 | D:8      | Reached skill level 5 in Slings
  6923 | D:8      | Reached skill level 5 in Bows
  6923 | D:8      | Reached skill level 5 in Crossbows
  6923 | D:8      | Reached skill level 5 in Throwing
  6923 | D:8      | Reached skill level 5 in Stealth
  6923 | D:8      | Reached skill level 5 in Shields
  6923 | D:8      | Reached skill level 5 in Unarmed Combat
  6923 | D:8      | Reached skill level 5 in Evocations
  7118 | D:8      | Noticed a skeletal warrior
  7120 | D:8      | Noticed a skeletal warrior
  7121 | D:8      | Noticed a skeletal warrior
  7137 | D:8      | Killed a skeletal warrior
  7137 | D:8      | Reached *** piety under Okawaru
  7173 | D:7      | Gained mutation: You are somewhat resistant to further
                  | mutation. [potion of mutation]
  7224 | D:8      | Received a gift from Okawaru
  7707 | D:8      | Killed a two-headed ogre
  7713 | D:8      | Noticed Joseph
  7722 | D:8      | Killed Joseph
  7728 | D:8      | Received a gift from Okawaru
  7895 | D:8      | Killed a skeletal warrior
  7895 | D:8      | Reached XP level 11. HP: 67/84 MP: 7/22
  8172 | D:9      | Noticed a two-headed ogre
  8182 | D:9      | Killed a two-headed ogre
  8182 | D:9      | Reached **** piety under Okawaru
  8356 | D:9      | Found a blossoming altar of Fedhas.
  8364 | D:9      | Reached skill level 5 in Conjurations
  8364 | D:9      | Reached skill level 5 in Hexes
  8364 | D:9      | Reached skill level 5 in Summonings
  8364 | D:9      | Reached skill level 5 in Necromancy
  8364 | D:9      | Reached skill level 5 in Translocations
  8364 | D:9      | Reached skill level 5 in Transmutations
  8364 | D:9      | Reached skill level 5 in Fire Magic
  8364 | D:9      | Reached skill level 5 in Ice Magic
  8364 | D:9      | Reached skill level 5 in Air Magic
  8364 | D:9      | Reached skill level 5 in Earth Magic
  8364 | D:9      | Reached skill level 5 in Poison Magic
  8648 | D:10     | Entered Level 10 of the Dungeon
  8693 | D:10     | Noticed a fire crab
  8696 | D:10     | Got a pair of shimmering gloves
  8712 | D:10     | a fire crab changed into a meliai
  8758 | D:10     | Identified the +0 pair of gloves of Action {*Corrode Dex+7}
                  | (You found it on level 10 of the Dungeon)
  8925 | D:10     | Noticed a cyclops
  8935 | D:10     | Killed a cyclops
  8935 | D:10     | Reached ***** piety under Okawaru
  9120 | D:10     | Noticed a seven-headed hydra
  9128 | D:10     | Killed a seven-headed hydra
  9211 | D:10     | Noticed a two-headed ogre
  9218 | D:10     | Killed a two-headed ogre
  9262 | D:10     | Received a gift from Okawaru
  9312 | D:10     | Reached XP level 12. HP: 92/93 MP: 14/24
  9978 | D:11     | Found a staircase to the Lair.
  9979 | D:11     | Noticed a death yak
  9979 | D:11     | Noticed a death yak
  9979 | D:11     | Noticed a death yak
  9979 | D:11     | Noticed a death yak
  9979 | D:11     | Noticed a death yak
  9979 | D:11     | Noticed a death yak
  9979 | D:11     | Noticed a death yak
  9994 | D:11     | Learned a level 4 spell: Animate Dead
 10151 | D:11     | Noticed a death yak
 10235 | D:11     | Noticed a death yak
 10236 | D:11     | Noticed a death yak
 10268 | D:11     | Killed a death yak
 10276 | D:11     | Killed a death yak
 10281 | D:11     | Killed a death yak
 10295 | D:11     | Killed a death yak
 10309 | D:11     | Killed a death yak
 10316 | D:11     | Killed a death yak
 10326 | D:11     | Killed a death yak
 10326 | D:11     | Received a gift from Okawaru
 10326 | D:11     | Reached ****** piety under Okawaru
 10340 | D:11     | Killed a death yak
 10358 | D:11     | Killed a death yak
 10369 | D:11     | Killed a death yak
 11406 | D:11     | Found a staircase to the Orcish Mines.
 11801 | D:12     | Reached XP level 13. HP: 98/101 MP: 19/26
 12226 | D:12     | Found a labyrinth entrance.
 12249 | Lab      | Entered a labyrinth
 12778 | Lab      | Noticed a minotaur
 12793 | Lab      | Killed a minotaur
 12806 | Lab      | Identified Qiunid's Collected Works on the Entourage
 12813 | Lab      | Identified Vuts's Reference Book on Dislocation
 12819 | Lab      | Identified Sif Muna's Collected Works on the Rocks
 13096 | Lab      | Found an exit through the horrors of the Abyss.
 13872 | D:13     | Found Arghudec's Armour Boutique.
 14362 | D:13     | Received a gift from Okawaru
 14554 | D:13     | Received a gift from Okawaru
 14573 | D:13     | Got a translucent scale mail {god gift}
 14579 | D:13     | Identified the +1 scale mail of Okawaru's Envy {rCorr SInv}
                  | (Okawaru gifted it to you on level 13 of the Dungeon)
 14592 | D:13     | Learned a level 2 spell: Blink
 14597 | D:13     | Learned a level 4 spell: Summon Lightning Spire
 14602 | D:13     | Learned a level 4 spell: Passage of Golubria
 14736 | D:8      | Got a translucent tin ring
 14738 | D:8      | Identified the ring of Knowledge {*Slow rPois rC+ MP+9}
                  | (You found it on level 8 of the Dungeon)
 14985 | D:13     | HP: 2/101 [archer statue/arrow (18)]
 14987 | D:13     | Shot with an arrow by an archer statue

Vault maps used:
D:1:      nzn_arrival_depleted_hourglass
D:2:      nicolae_overflow_hidden_temple, minmay_overflow_temple_star_quad
D:3:      first_ration, nicolae_gozag_seed_capital
D:4:      nicolae_ru_the_path_less_chosen, minmay_misc_feat_five, uniq_grinder
D:5:      minivault_4, uniq_crazy_yiuf_cottage, uniq_eustachio, uniq_sigmund
D:6:      gammafunk_cloud_chamber, minmay_temple_entry_glass, item_on_display_a
D:8:      blue_anna_alchemist, basic_loot_grate_trap, uniq_joseph
D:9:      old_standard_altar
D:10:     hangedman_cross_cluster, serial_bayou, serial_bayou_ford_a,
          serial_bayou_pond_c, serial_bayou_shore_a
D:11:     dpeg_lair_monsters, orc_0_dummy
D:12:     lab_entry_generic
D:13:     serial_shops, nicolae_shop_waterfront, minmay_dual_archer_statues
Temple:   eino_narrow_crystal_temple
Lab:      nicolae_lab_dead_adventurers, nicolae_lab_arrow,
          labyrinth_skeletal_remains, labyrinth_fake_exit

Skill      XL: |  1  2  3  4  5  6  7  8  9 10 11 12 13 |
---------------+----------------------------------------+-----
Spellcasting   | 5 6 7 8 9 |  9.7
Invocations    | 1 2 3 4 5 6 7 8 9 |  9.1
Short Blades   | 1 2 3 4 5 6 7 8 |  8.3
Long Blades    | 1 2 3 4 5 6 7 8 |  8.3
Axes           | 1 2 3 4 5 6 7 8 |  8.3
Maces & Flails | 1 2 3 4 5 6 7 8 |  8.3
Staves         | 1 2 3 4 5 6 7 8 |  8.3
Slings         | 1 2 3 4 5 6 7 8 |  8.3
Bows           | 1 2 3 4 5 6 7 8 |  8.3
Crossbows      | 1 2 3 4 5 6 7 8 |  8.3
Throwing       | 1 2 3 4 5 6 7 8 |  8.3
Stealth        | 1 2 3 4 5 6 7 8 |  8.3
Shields        | 1 2 3 4 5 6 7 8 |  8.3
Unarmed Combat | 1 2 3 4 5 6 7 8 |  8.3
Evocations     | 1 2 3 4 5 6 7 8 |  8.3
Conjurations   | 1 2 3 4 5 6 |  6.9
Hexes          | 1 2 3 4 5 6 |  6.9
Summonings     | 1 2 3 4 5 6 |  6.9
Necromancy     | 1 2 3 4 5 6 |  6.9
Translocations | 1 2 3 4 5 6 |  6.9
Transmutations | 1 2 3 4 5 6 |  6.9
Fire Magic     | 1 2 3 4 5 6 |  6.9
Ice Magic      | 1 2 3 4 5 6 |  6.9
Air Magic      | 1 2 3 4 5 6 |  6.9
Earth Magic    | 1 2 3 4 5 6 |  6.9
Poison Magic   | 1 2 3 4 5 6 |  6.9
Armour         | 3 4 5 6 7 8 |  8.8
Fighting       | 5 6 7 8 9 |  9.5
Polearms       | 5 6 7 8 9 |  9.5
Dodging        | 5 6 7 8 9 |  9.5
Charms         | 6 7 8 |  8.9

Action                   |  1- 3 |  4- 6 |  7- 9 | 10-12 | 13-15 || total
-------------------------+-------+-------+-------+-------+-------++-------
Melee: Spear             |   122 |   142 |   292 |       |       ||   556
       Bite              |     7 |    13 |    67 |    84 |    36 ||   207
       Punch             |       |     1 |     2 |       |       ||     3
       Trident           |       |       |   177 |   532 |   256 ||   965
       Unarmed           |       |       |       |    10 |       ||    10
       Flail             |       |       |       |       |    31 ||    31
 Fire: Hunting sling     |       |       |       |    25 |    13 ||    38
 Cast: Shroud of Golubri |     6 |     8 |    21 |    31 |    16 ||    82
       Infusion          |     4 |     2 |     7 |     5 |     3 ||    21
       Song of Slaying   |     2 |     5 |     6 |    12 |     5 ||    30
       Spectral Weapon   |       |     8 |    23 |    35 |    22 ||    88
       Regeneration      |       |     1 |    12 |     7 |     7 ||    27
       Passage of Golubr |       |       |       |       |     5 ||     5
       Summon Lightning  |       |       |       |       |     2 ||     2
Invok: Heroism           |       |       |       |     8 |     4 ||    12
       Finesse           |       |       |       |     1 |     1 ||     2
  Use: Scroll            |       |       |    10 |    10 |     3 ||    23
       Potion            |       |       |     2 |     5 |     1 ||     8
 Stab: Sleeping          |     3 |     1 |     1 |    10 |     3 ||    18
       Distracted        |       |     1 |     3 |    11 |     3 ||    18
  Eat: Chunk             |       |     7 |     6 |    13 |     7 ||    33
       Ration            |       |       |     3 |     1 |     2 ||     6
Armor: Leather armour    |    24 |    28 |   100 |    96 |    48 ||   296
       Scale mail        |       |       |       |       |     1 ||     1
Dodge: Dodged            |    50 |    66 |   269 |   270 |   151 ||   806
Block: Buckler           |       |       |    23 |    98 |    61 ||   182

Table legend:
 A = Non-vault XP
 B = Vault XP
 C = Vault XP percentage of total XP
 D = Non-vault monster count
 E = Vault monster count
 F = Vault count percentage of total count
                 A         B        C        D         E       F
            +---------+---------+-------+---------+---------+-------
      Total |   30188 |   16598 |  35.5 |     300 |      47 |  13.5
            +---------+---------+-------+---------+---------+-------
        D:1 |      23 |       0 |   0.0 |      14 |       0 |   0.0
        D:2 |      77 |       0 |   0.0 |      23 |       0 |   0.0
        D:3 |      82 |       0 |   0.0 |      10 |       0 |   0.0
        D:4 |     435 |     258 |  37.2 |      26 |       1 |   3.7
        D:5 |     207 |     481 |  69.9 |      11 |       3 |  21.4
        D:6 |    1382 |      92 |   6.2 |      29 |       4 |  12.1
        D:7 |    1993 |      92 |   4.4 |      26 |       1 |   3.7
        D:8 |    4459 |     471 |   9.6 |      19 |       1 |   5.0
        D:9 |    3241 |       0 |   0.0 |      29 |       0 |   0.0
       D:10 |    1836 |    4583 |  71.4 |      25 |      21 |  45.7
       D:11 |    3578 |    8689 |  70.8 |      23 |      10 |  30.3
       D:12 |    5956 |       0 |   0.0 |      23 |       0 |   0.0
       D:13 |    6919 |     564 |   7.5 |      42 |       1 |   2.3
        Lab |       0 |    1368 | 100.0 |       0 |       5 | 100.0
            +---------+---------+-------+---------+---------+-------
